Unix NetHack Version 5.0.0-0 post-release - last build May 10 2026 23:12:36 (d1fa5d53e341ca933230fdaa984d921c805b60aa,branch:main).

Game began 2026-05-14 19:24:31, ended 2026-05-14 19:36:35.

GdeVolpiano, neutral female human Tourist

                                  |
                     #           .--
                    --#------   ...|
                   --.|%|.|.--.....|
                -  |...@.0......-
                |. |...G..)....-
                 .---.........--
          -----  ..|-.......---
        ---...-- -.|........|
      ---......---........---
      |.<.................|
      |..................--
      |..|.|.--.|.--..----
      -----------------
GdeVolpiano the Sightseer   St:14 Dx:10 Co:13 In:16 Wi:7 Ch:16  Neutral
Dlvl:5  $:371 HP:0(30) Pw:13(13) AC:1  Xp:4 T:1636  Burdened

Latest messages:
 In what direction?
 You destroy the paper golem!
 a - 5 +2 darts (at the ready) (12 in total).
 M - 2 unlabeled scrolls.
 You have a little trouble lifting an unlabeled scroll.  Continue? [ynq] (q)
 You have a little trouble lifting M - an unlabeled scroll (3 in total).
 M - an unlabeled scroll (4 in total).
 Your movements are slowed slightly because of your load.
 You see here a crossbow bolt.
 You have a little trouble lifting a - a +2 dart (at the ready) (13 in total).
 There is a dwarf corpse here; eat it? [ynq] (n)
 This dwarf corpse tastes okay.
 The gnome picks up 2 +2 darts.
 You stop eating the dwarf corpse.
 In what direction?
 The dart misses the gnome.
 In what direction?
 You kill the gnome!
 There is a partly eaten dwarf corpse here; eat it? [ynq] (n)
 You resume your meal.
 The gnome picks up 2 +2 darts.
 You stop eating the dwarf corpse.
 In what direction?
 The dart misses the gnome.
 The gnome hits!
 In what direction?
 The dart hits the gnome.
 The gnome misses!
 In what direction?
 You kill the gnome!
 There is a partly eaten dwarf corpse here; eat it? [ynq] (n)
 You resume your meal.
 You stop eating the dwarf corpse.
 You have a little trouble lifting a - 3 +2 darts (at the ready) (11 in total).
 a - 4 +2 darts (at the ready) (15 in total).
 You learn more about your items by comparing them.
 You have a little trouble lifting d - an uncursed food ration (5 in total).
 The gnome picks up a crossbow bolt.
 The gnome hits!
 You have a little trouble lifting N - a pick-axe.
 The gnome hits!
 In what direction?
 The dart hits the gnome.
 The gnome hits!
 You die...
 Do you want your possessions identified? [ynq] (y)
 Do you want to see your attributes? [ynq] (y)
 Do you want an account of creatures vanquished? [ynaq] (y)
 Do you want to see your conduct and achievements? [ynq] (y)
 Do you want to see the dungeon overview? [ynq] (y)

Inventory:
 Coins    ('$')
  $ - 371 gold pieces
 Weapons  (')')
  a - 14 +2 darts (at the ready)
 Armor    ('[')
  q - an uncursed -1 helm of caution
  t - an uncursed +0 pair of jumping boots (being worn)
  z - an uncursed +0 shield of drain resistance (being worn)
  F - an uncursed +0 cloak of protection (being worn)
  m - a blessed +0 Hawaiian shirt with a tropical fish motif
  I - a blessed +1 studded leather armor (being worn)
 Comestibles  ('%')
  d - 5 uncursed food rations
  g - an uncursed tripe ration
  b - an uncursed egg
  J - an uncursed lichen corpse
 Scrolls  ('?')
  M - 4 uncursed scrolls of blank paper
  l - a blessed scroll of magic mapping
  k - 3 uncursed scrolls of magic mapping
 Potions  ('!')
  C - an uncursed potion of booze
  i - a blessed potion of extra healing
  j - an uncursed potion of extra healing
  B - a blessed potion of healing
  w - 4 uncursed potions of healing
  v - an uncursed potion of sleeping
  A - an uncursed potion of speed
 Rings    ('=')
  u - an uncursed ring of polymorph control
  r - a blessed +2 ring of protection
 Wands    ('/')
  y - a wand of magic missile (0:3)
 Tools    ('(')
  o - an uncursed credit card
  n - an expensive camera (0:79)
  L - a blessed oil lamp
  N - a +0 pick-axe
  p - an uncursed tin whistle
 Gems/Stones  ('*')
  K - a cursed worthless piece of green glass

GdeVolpiano the Tourist's attributes:

Background:
 You were a Sightseer, a level 4 female human Tourist.
 You were neutral, nominally on a mission for The Lady
 who was opposed by Blind Io (lawful) and Offler (chaotic).
 You were right-handed.
 You were in the Gnomish Mines, on level 5.
 You entered the dungeon 1636 turns ago.
 You had 129 experience points, 31 more were needed to attain level 5.

Basics:
 You had 0 out of 30 hit points.
 You had all 13 energy points (spell power).
 Your armor class was 1.
 Your wallet contained 371 zorkmids.
 Autopickup was on for '$?!/="+' plus thrown, with exceptions.

Final Characteristics:
 Your strength was 14 (limit:18/100).
 Your dexterity was 10 (limit:18).
 Your constitution was 13 (limit:18).
 Your intelligence was 16 (limit:18).
 Your wisdom was 7 (limit:18).
 Your charisma was 16 (limit:18).

Final Status:
 You weren't hungry.
 You were burdened; movement was slightly slowed.
 You were bare handed.
 You were unskilled in bare handed combat.

Final Attributes:
 You were devoutly aligned.
 You were level-drain resistant.
 You could jump.
 You were protected.
 You are dead.

Miscellaneous:
 You didn't encounter any bones levels.
 Total elapsed playing time was 12 minutes and 2 seconds.

Major events:
 Turn
    1: GdeVolpiano the neutral female human Tourist entered the dungeon
  934: attained the rank of Sightseer (level 3)
 1357: found Vorpal Blade in a shop
 1493: entered the Gnomish Mines
 1636: killed by a gnome

You didn't know any spells.

Skills:
 Fighting Skills
   bare handed combat [Unskilled]
   two weapon combat  [Unskilled]
   riding             [Unskilled]
 Weapon Skills
   dagger             [Unskilled]
   knife              [Unskilled]
   axe                [Unskilled]
   pick-axe           [Unskilled]
   short sword        [Unskilled]
   broadsword         [Unskilled]
   long sword         [Unskilled]
   two-handed sword   [Unskilled]
   saber              [Unskilled]
   mace               [Unskilled]
   morning star       [Unskilled]
   flail              [Unskilled]
   hammer             [Unskilled]
   quarterstaff       [Unskilled]
   polearms           [Unskilled]
   spear              [Unskilled]
   trident            [Unskilled]
   lance              [Unskilled]
   bow                [Unskilled]
   sling              [Unskilled]
   crossbow           [Unskilled]
   dart               [Basic]
   shuriken           [Unskilled]
   boomerang          [Unskilled]
   whip               [Unskilled]
   unicorn horn       [Unskilled]
 Spellcasting Skills
   divination spells  [Unskilled]
   enchantment spells [Unskilled]
   escape spells      [Unskilled]

Voluntary challenges:
 Character rerolling was not enabled.
 You were an atheist.
 You never hit with a wielded weapon.
 You never genocided any monsters.
 You never polymorphed an object.
 You never changed form.
 You used no wishes.
Achievements:
 You entered a shop.
 You attained the rank of Sightseer.
 You entered the Gnomish Mines.

 The Dungeons of Doom: levels 1 to 4
    Level 1:
       A fountain.
    Level 2:
       A potion shop.
    Level 3:
       A scroll shop, a fountain.
    Level 4: "vorpal blade"
       An armor shop.
       Stairs down to The Gnomish Mines.
 The Gnomish Mines:
    Level 5: <- You were here.
       Final resting place for
          you, killed by a gnome.


Vanquished creatures:
  a paper golem
  a little dog
  a dwarf
  a kobold leader
 an iguana
 an acid blob
  3 coyotes
  2 hobbits
  a manes
  3 gnomes
  2 geckos
  3 jackals
  a goblin
  2 sewer rats
  3 grid bugs
  3 lichens
  2 kobold zombies
  a newt
32 creatures vanquished.

No species were genocided or became extinct.

Game over:
                       ----------
                      /          \
                     /    REST    \
                    /      IN      \
                   /     PEACE      \
                  /                  \
                  |   GdeVolpiano    |
                  |      371 Au      |
                  |   killed by a    |
                  |      gnome       |
                  |                  |
                  |                  |
                  |       2026       |
                 *|     *  *  *      | *
        _________)/\\_//(\/(/\)/\//\/|_)_______

Aloha GdeVolpiano the Tourist...

You died in The Gnomish Mines on dungeon level 5 with 736 points,
and 371 pieces of gold, after 1636 moves.
You were level 4 with a maximum of 30 hit points when you died.

